[Event "Charlotte CC Fall GM-ALTO 2024"]
[Site "Charlotte"]
[Date "2024.11.24"]
[Round "4.1"]
[White "Stremavicius, Titas"]
[Black "Fernandez, Daniel Howard"]
[Result "1-0"]
[ECO "A19"]
[WhiteElo "2545"]
[BlackElo "2503"]
[Annotator "TA"]
[PlyCount "61"]
[EventDate "2024.11.22"]
[EventType "tourn"]
[EventCountry "USA"]
[SourceTitle "playchess.com"]
[Source "ChessBase"]
[SourceQuality "1"]
[TimeControl "5400+30"]

1. c4 Nf6 2. Nc3 e6 3. e4 c5 4. e5 Ng8 5. d4 cxd4 6. Qxd4 Nc6 7. Qf4 d6 8. Nf3 Nh6 9. Be2 {[%emt 0:07:15][%cal Bf1e2,Be2d1,Bd1a4][%mdl 32] 0-0 would now be deadly. The position is equal.} dxe5 10. Nxe5 Nd4 (10... Nf5 $11) 11. Bd1 $16 f6 $2 (11... Nc6 $16 {might work better.}) 12. Ba4+ $18 Ke7 $2 (12... b5) 13. Nf3 $2 (13. Be3 g5 14. Qe4 (14. Qxd4 Qxd4 15. Bxd4 fxe5 $18)) 13... Nhf5 14. Nxd4 Nxd4 15. Be3 e5 16. Qe4 Kf7 17. f4 ({White should play} 17. O-O-O $18) 17... Nf5 (17... f5 $16 18. Qxe5 Nc6) 18. fxe5 Nxe3 19. Qxe3 {[%emt 0:00:00] [#] Hoping for c5.} Qb6 20. Qf3 (20. Qd2 $18) 20... Qd4 $16 21. exf6 Bb4 22. Rf1 {[%emt 0:00:00][%cal Bh1f1,Bf1d1,Bd1d6][%mdl 32] White wants to mate with fxg7+.} gxf6 23. Rd1 $36 {[%emt 0:00:00][%mdl 2048] White is in control.} Qe5+ 24. Kd2 {[%emt 0:05:30][%cal Be1d2,Bd2c2,Bc2b3,Bb3c3][%mdl 32] [#] aiming for Kc2.} Rd8+ 25. Kc2 Rxd1 26. Rxd1 Qf5+ 27. Kb3 {[%emt 0:00:00] White is more active.} Qxf3 28. gxf3 Bxc3 29. Kxc3 {[%emt 0:02:30] And now Rd8 would win.} Be6 30. Bd7 Rg8 $2 (30... Ke7 {was worth a try.}) 31. Rd6 {[%emt 0:00:00] Weighted Error Value: White=0.37/Black=0.37.  Mistake:       	White=3     	Black=5      Inaccurate:     	---       	Black=1      OK:         	White=7     	Black=11     Best:        	White=4     	Black=1} 1-0

[Event "Charlotte CC Fall GM-ALTO 2024"]
[Site "Charlotte"]
[Date "2024.11.24"]
[Round "4.2"]
[White "Ouellet, Maili-Jade"]
[Black "Stefanov, Emil"]
[Result "1/2-1/2"]
[ECO "D32"]
[WhiteElo "2352"]
[BlackElo "2362"]
[Annotator "RC"]
[PlyCount "108"]
[EventDate "2024.11.22"]
[EventType "tourn"]
[EventCountry "USA"]
[SourceTitle "playchess.com"]
[Source "ChessBase"]
[SourceQuality "1"]
[TimeControl "5400+30"]

1. d4 d5 2. c4 e6 3. Nc3 c5 4. cxd5 exd5 5. Nf3 Nc6 6. dxc5 d4 7. Na4 Bxc5 8. Nxc5 Qa5+ 9. Qd2 Qxc5 10. a3 Nge7 11. b4 Qb6 12. Bb2 O-O 13. Bxd4 Nxd4 14. Qxd4 Nc6 15. Qb2 a5 16. b5 a4 17. e3 Rd8 18. Nd2 Na5 19. Nc4 Qg6 20. Nxa5 Rxa5 21. f3 Be6 22. Kf2 Raa8 23. Be2 Bb3 24. Rac1 Rd7 25. h4 Re8 26. Rh3 Qb6 27. f4 Red8 28. Ke1 Rd2 29. Qc3 Qd6 30. Rf3 g6 31. h5 Qxa3 32. hxg6 fxg6 33. e4 Qe7 34. Qe3 Qh4+ 35. g3 Qh2 36. Qf2 Qh1+ 37. Qf1 Qh2 38. Qf2 Qh1+ 39. Qf1 Qxf1+ 40. Kxf1 Rb2 41. g4 Rdd2 42. Re3 a3 43. Rxb3 Rxe2 44. Rxa3 Rf2+ 45. Kg1 Rg2+ 46. Kh1 Rh2+ 47. Kg1 Rbg2+ 48. Kf1 Rf2+ 49. Kg1 Rhg2+ 50. Kh1 Rxg4 51. Rc8+ Kf7 52. Rc7+ Ke6 53. Rxb7 Rfxf4 54. Rxh7 Rxe4 1/2-1/2

[Event "Charlotte CC Fall GM-ALTO 2024"]
[Site "Charlotte"]
[Date "2024.11.24"]
[Round "4.3"]
[White "Gedajlovic, Max"]
[Black "Padmini, Rout"]
[Result "1/2-1/2"]
[ECO "B40"]
[WhiteElo "2377"]
[BlackElo "2334"]
[Annotator "RC"]
[PlyCount "142"]
[EventDate "2024.11.22"]
[EventType "tourn"]
[EventCountry "USA"]
[SourceTitle "playchess.com"]
[Source "ChessBase"]
[SourceQuality "1"]
[TimeControl "5400+30"]

1. e4 c5 2. Nf3 e6 3. g3 Nc6 4. Bg2 Nf6 5. Qe2 e5 6. O-O g6 7. c3 Bg7 8. Rd1 d6 9. d4 Qc7 10. Na3 a6 11. Nc4 O-O 12. Nxd6 exd4 13. Nxc8 Raxc8 14. cxd4 Rfe8 15. Bf4 Qa5 16. d5 Rxe4 17. Qd2 Qxd2 18. Nxd2 Rxf4 19. dxc6 Rb4 20. cxb7 Rb8 21. Nb3 R4xb7 22. Bxb7 Rxb7 23. Nxc5 Rxb2 24. Rab1 Rc2 25. Rb8+ Bf8 26. Rdd8 Rxc5 27. Rxf8+ Kg7 28. Rfc8 Ra5 29. Rc2 g5 30. Rbc8 g4 31. R8c5 Ra3 32. Re2 Kg6 33. Kg2 h5 34. Rc6 Kf5 35. Rc5+ Kg6 36. h4 gxh3+ 37. Kxh3 Ra4 38. Rec2 Ne4 39. Rd5 f6 40. Kg2 Ra3 41. Rd4 Ng5 42. Rf4 Ne6 43. Re4 Ng5 44. Re3 Ra4 45. Rec3 Nf7 46. Rc4 Ra3 47. Rf4 Ne5 48. Rd2 Nd3 49. Re4 Ne5 50. Rd6 Ng4 51. Re2 Kf5 52. Rd5+ Kg6 53. Kf1 Ne5 54. Rd8 Ra4 55. Red2 Kf5 56. R8d4 Ra3 57. Ke2 Kg6 58. Kd1 Nc6 59. Rf4 Ne5 60. Rd6 Ng4 61. f3 Ne3+ 62. Kc1 Nf5 63. Kb2 Rxa2+ 64. Kxa2 Nxd6 65. Ra4 Nf5 66. g4 Nh4 67. gxh5+ Kxh5 68. Rxa6 f5 69. Ra5 Kg5 70. f4+ Kxf4 71. Rxf5+ Nxf5 1/2-1/2

[Event "Charlotte CC Fall GM-ALTO 2024"]
[Site "Charlotte"]
[Date "2024.11.24"]
[Round "4.4"]
[White "Wang, Tianqi"]
[Black "Mitrabha, Guha"]
[Result "1-0"]
[ECO "A43"]
[WhiteElo "2323"]
[BlackElo "2511"]
[Annotator "TA"]
[PlyCount "141"]
[EventDate "2024.11.22"]
[EventType "tourn"]
[EventCountry "USA"]
[SourceTitle "playchess.com"]
[Source "ChessBase"]
[SourceQuality "1"]
[TimeControl "5400+30"]

1. d4 Nf6 2. Nf3 c5 3. d5 b5 4. e4 Nxe4 5. Bd3 Nf6 6. Bxb5 {[%emt 0:00:38] A43: Schmid Benoni.} g6 7. c4 Bg7 8. Nc3 O-O 9. O-O Ba6 $146 ({Predecessor:} 9... d6 10. Re1 Nbd7 11. Bc6 Rb8 12. h3 Nb6 13. Qe2 e5 14. a3 Ba6 15. Nb5 Bxb5 16. Bxb5 {½-½ Le,Q (2709)-Ponkratov,P (2624) Chess.com Rapid Wk16 Swiss 2022 (5)}) 10. Re1 Bxb5 11. Nxb5 d6 12. Bd2 Nbd7 13. Bc3 Nb6 14. b3 Qd7 15. a4 a6 16. Na3 Rab8 17. Qc2 Rfe8 18. Rad1 Qf5 19. Qa2 Nbd7 20. Nc2 Rb7 21. Ne3 Qf4 22. Nf1 Nh5 23. Bxg7 Kxg7 24. Re3 Nf8 25. Ng3 Nf6 26. Qb2 Kg8 27. Qc2 Qh6 28. h3 Qg7 29. Qe2 Rd7 30. Qe1 Rb7 31. Qa5 Ra8 32. Rde1 Raa7 33. R1e2 h6 34. Qe1 e5 35. dxe6 Nxe6 36. Rd2 Rd7 37. Qd1 Qf8 38. Red3 Ne8 ({Better is} 38... Qe7 $1 $14) 39. Ne4 $16 Nf4 {[%emt 0:00:17] [#]} 40. Re3 $1 Re7 41. Nxd6 Rxe3 42. fxe3 Ne6 43. Nxe8 (43. Ne5 $18) 43... Qxe8 $16 44. Ne5 Nf8 (44... Kg7 $16 45. Rd7 Rxd7 46. Qxd7 Kf8 47. Qxe8+ Kxe8) 45. Ng4 $18 Qe7 46. Qa1 ({Resist} 46. Nxh6+ $6 Kh7 47. Ng4 f5 $16) 46... f5 47. Nf6+ (47. Nxh6+ Kh7 48. Nxf5 gxf5 $17) 47... Kf7 48. Nd5 Qh4 49. Rf2 Rb7 (49... Kg8 $142 50. Qe5 Rf7) 50. Rf4 Qg5 51. Qc3 Ne6 52. Rf2 Qh4 53. a5 h5 54. Rf3 (54. Qe5 $18 {is more deadly.}) 54... Kg8 (54... Qd8 $16 {keeps fighting.} 55. Rf2 h4) 55. Kh2 (55. Qe5 $18 {and White stays clearly on top.} Ng5 56. Rg3) 55... Qd8 $16 56. Rg3 Nf8 $2 (56... Kf7 $16 {was called for.}) 57. Nf6+ $18 Kf7 58. Nxh5 $1 Ne6 59. Nf4 Nxf4 60. exf4 Re7 61. Rd3 Qc7 $2 (61... Qb8 62. Qd2 g5) 62. Qd2 $18 Qb8 63. Rd8 Qc7 64. Qd6 Qxa5 (64... Qxd6 $18 65. Rxd6 Re3 66. Rxa6 Rxb3) 65. Qd5+ Kf6 66. Rf8+ Kg7 67. Qg8+ Kh6 68. Rf6 Rg7 69. Qh8+ Rh7 70. Qf8+ Kh5 71. Rxf5+ 1-0

[Event "Charlotte CC Fall GM-ALTO 2024"]
[Site "Charlotte"]
[Date "2024.11.24"]
[Round "4.5"]
[White "Griffith, Kyron"]
[Black "Williams, Justus"]
[Result "1/2-1/2"]
[ECO "B09"]
[WhiteElo "2407"]
[BlackElo "2355"]
[Annotator "RC"]
[PlyCount "137"]
[EventDate "2024.11.22"]
[EventType "tourn"]
[EventCountry "USA"]
[SourceTitle "playchess.com"]
[Source "ChessBase"]
[SourceQuality "1"]
[TimeControl "5400+30"]

1. e4 d6 2. d4 Nf6 3. Nc3 g6 4. f4 c6 5. Nf3 d5 6. e5 Ng8 7. Bd3 Bg4 8. h3 Bxf3 9. Qxf3 e6 10. Be3 Nd7 11. g4 c5 12. dxc5 Bxc5 13. O-O-O Bxe3+ 14. Qxe3 Qb6 15. Qg3 a6 16. f5 Ne7 17. Qh4 Qe3+ 18. Kb1 Qxe5 19. Rhe1 Qd6 20. fxe6 fxe6 21. Bb5 O-O-O 22. Ne4 Qb6 23. Qxe7 axb5 24. Nd6+ Kb8 25. Nf7 Rhe8 26. Qa3 Rc8 27. Nd6 b4 28. Nxc8 bxa3 29. Nxb6 Nxb6 30. b3 e5 31. c3 Kc7 32. Rf1 Re7 33. Kc2 d4 34. cxd4 Nd5 35. Rfe1 e4 36. b4 Nxb4+ 37. Kb3 Nd5 38. Kxa3 Kd6 39. Kb3 Nf4 40. Re3 Kd5 41. Kc2 Ne6 42. Kd2 Nxd4 43. Ra3 Rf7 44. Ra8 Ke5 45. Re8+ Kf4 46. Rb1 Nf3+ 47. Ke2 Rd7 48. Rf8+ Kg3 49. Ke3 Ng5 50. Rb8 Rd3+ 51. Ke2 Ne6 52. R8xb7 Nd4+ 53. Kf1 e3 54. R7b3 Nxb3 55. Rxb3 Rd1+ 56. Ke2 Rd2+ 57. Kxe3 Rxa2 58. g5 Ra7 59. Ke2+ Kh4 60. Kf2 Ra2+ 61. Kg1 Kxg5 62. Rb4 Rc2 63. Ra4 Rd2 64. Rg4+ Kf5 65. Rh4 h5 66. Ra4 g5 67. Rb4 Re2 68. Ra4 Re4 69. Ra2 1/2-1/2